 Dungeon Crawl Stone Soup version 0.28-a0-984-g3775c662fe (webtiles) character file.

Game seed: 17779576599272401433

632 derath95 the Digger (level 7, 0/36 HPs)
             Began as a Gargoyle Earth Elementalist on Dec 3, 2021.
             Was an Initiate of Vehumet.
             Slain by a killer bee (4 damage)
             ... on level 6 of the Dungeon.
             The game lasted 00:19:07 (6161 turns).

derath95 the Digger (Gargoyle Earth Elementalist)   Turns: 6161, Time: 00:19:07

Health: 0/36       AC:  7    Str:  9 (12) XL:     7   Next: 49%
Magic:  14/14      EV: 11    Int: 16 (17) God:    Vehumet [......]
Gold:   181        SH:  0    Dex:  7 (10) Spells: 10/16 levels left

rFire   + . .      SeeInvis .   p - +0 flail
rCold   x . .      Faith    .   (no shield)
rNeg    + . .      Spirit   .   b - +0 robe
rPois   ∞          Reflect  .   (no helmet)
rElec   +          Harm     .   (no cloak)
rCorr   .          Rampage  .   k - +0 pair of gloves
Will    .....                   (no boots)
Stlth   ++........              (no amulet)
HPRegen 0.12/turn               d - ring of fire
MPRegen 0.14/turn               (no ring)

@: no status effects
A: sickness immunity, AC +4, negative energy resistance 1, electricity
resistance, torment resistance 1, petrification resistance
a: Renounce Religion


You were on level 6 of the Dungeon.
You worshipped Vehumet.
Vehumet was noncommittal.
You visited 2 branches of the dungeon, and saw 7 of its levels.

You collected 181 gold pieces.

Inventory:

Hand Weapons
 p - a +0 flail (weapon)
Missiles
 c - 39 stones
Armour
 b - a +0 robe (worn)
 k - a +0 pair of gloves (worn)
Jewellery
 d - a ring of fire (left hand)
Wands
 r - a wand of charming (3)
 s - a wand of flame (20)
Scrolls
 f - a scroll of immolation
 g - a scroll of teleportation
 h - 3 scrolls of identify
Potions
 e - a potion of heal wounds
 j - 3 potions of flight
 q - a potion of curing


   Skills:
 - Level 1.7 Dodging
 - Level 2.2 Stealth
 - Level 0.4 Unarmed Combat
 + Level 5.2 Spellcasting
 - Level 0.7 Transmutations
 + Level 7.6 Earth Magic


You had 10 spell levels left.
You knew the following spells:

 Your Spells              Type           Power      Damage    Failure   Level
a - Sandblast             Erth           56%        2d13      1%          1
b - Passwall              Tmut/Erth      14%        N/A       4%          2
c - Stone Arrow           Conj/Erth      32%        3d9       10%         3

Your spell library contained the following spells:

 Spells                   Type           Power      Damage    Failure   Level
 Petrify                  Tmut/Erth      17%        N/A       26%         4


Dungeon Overview and Level Annotations

Branches:
Dungeon (6/15)             Temple (1/1) D:5

Altars:
Ashenzari
Cheibriados
Dithmenos
Elyvilon
Fedhas
Gozag
Kikubaaqudgha
Makhleb
Nemelex Xobeh
Okawaru
Qazlal
Ru
Sif Muna
Uskayaw
Vehumet
Wu Jian
Xom
Yredelemnul
Zin
The Shining One

Shops:
D:4 *

Annotations:
D:4 1 runed translucent door, mitch45678's ghost, novice MiEn


Innate Abilities, Weirdness & Mutations

You are immune to sickness and miasma.
Your stone body is resilient. (AC +4)
You are immune to poison.
You resist negative energy. (rN+)
You are resistant to electric shocks. (rElec)
You are resistant to unholy torment.
You are immune to petrification.


Message History

The killer bee closely misses you.
You miss the killer bee.
The killer bee stings you but does no damage.
The killer bee stings you.
You barely miss the killer bee. The killer bee closely misses you. x2
The killer bee stings you but does no damage.
The killer bee misses you. The killer bee stings you.
You barely miss the killer bee.
The killer bee stings you but does no damage.
The killer bee barely misses you. The killer bee stings you!
The killer bee stings you but does no damage.
The killer bee closely misses you.
The killer bee stings you but does no damage.
You barely miss the killer bee. The killer bee stings you.
The killer bee barely misses you. x2; The killer bee closely misses you.
The killer bee barely misses you. The killer bee closely misses you.
The killer bee stings you but does no damage.
The killer bee stings you.
The killer bee stings you but does no damage.
The killer bee barely misses you. The killer bee stings you.
* * * LOW HITPOINT WARNING * * *
The killer bee barely misses you. The killer bee misses you. x2
The killer bee closely misses you.
The killer bee stings you but does no damage.
The killer bee stings you.
* * * LOW HITPOINT WARNING * * *
The killer bee misses you. The killer bee barely misses you.
The killer bee stings you.
* * * LOW HITPOINT WARNING * * *
The killer bee stings you but does no damage.
Found a scroll of teleportation and a potion of curing.
You hit the killer bee.
The killer bee is lightly wounded.
The killer bee closely misses you. The killer bee barely misses you.
The killer bee stings you.
You die...

$.#####........#
......#...$....#........
......#........#........
......#........#.......!
$.....#........#........
#....#........#........
#....#........#........
+....'........#y.......
#....########.y@.......
#............#####.....
#............# ...
#............# ?
#...........<#
#............#
##############


You could see 2 killer bees.

Vanquished Creatures
  Eustachio (D:5)
  A scorpion (D:5)
  A killer bee (D:6)
  2 hounds (D:5)
  A centaur skeleton (D:4)
  2 iguanas
  2 orc wizards
  6 gnolls (D:4)
  3 adders
  A shadow imp (D:4)
  An ufetubus (D:5)
  An adder skeleton (D:4)
  3 worms
  3 dart slugs
  7 orcs
  11 ball pythons
  7 endoplasms
  5 giant cockroaches
  6 goblins
  9 hobgoblins
  2 jackals (D:5)
  3 kobolds
  A quokka (D:1)
  6 bats
  4 frilled lizards
  3 rats
92 creatures vanquished.

Vanquished Creatures (others)
  2 plants (D:3)
2 creatures vanquished.

Grand Total: 94 creatures vanquished

Notes
Turn   | Place    | Note
-------+----------+-------------------------------------------
     0 | D:1      | derath95 the Gargoyle Earth Elementalist began the quest
                  | for the Orb.
     0 | D:1      | Reached XP level 1. HP: 10/10 MP: 3/3
    53 | D:1      | Found a faded altar of an unknown god.
    90 | D:1      | Reached skill level 4 in Earth Magic
   113 | D:1      | Reached XP level 2. HP: 8/15 MP: 0/5
  1133 | D:2      | Reached XP level 3. HP: 9/19 MP: 6/6
  2029 | D:2      | Reached XP level 4. HP: 23/24 MP: 8/8
  2210 | D:3      | Reached skill level 5 in Earth Magic
  3498 | D:4      | Reached XP level 5. HP: 10/28 MP: 2/10
  3738 | D:4      | Found a runed translucent door.
  3740 | D:4      | Noticed mitch45678's ghost (novice MiEn)
  3771 | D:4      | Found Kicwubbugg's General Store.
  3928 | D:4      | Reached skill level 6 in Earth Magic
  3928 | D:4      | Reached XP level 6. HP: 26/32 MP: 4/11
  4449 | D:5      | Entered Level 5 of the Dungeon
  4598 | D:5      | Found a staircase to the Ecumenical Temple.
  4639 | Temple   | Entered the Ecumenical Temple
  4861 | Temple   | Became a worshipper of Vehumet
  5009 | D:5      | Reached skill level 7 in Earth Magic
  5009 | D:5      | Reached XP level 7. HP: 36/36 MP: 11/14
  5424 | D:5      | Noticed Eustachio
  5446 | D:5      | Killed Eustachio
  5447 | D:5      | Reached skill level 5 in Spellcasting
  5903 | D:6      | Learned a level 2 spell: Passwall
  5907 | D:6      | Learned a level 3 spell: Stone Arrow
  6161 | D:6      | Slain by a killer bee

Illustrated notes

Levels and vault maps discovered:
D:1:      co_arrival_random_square_maze, layout_rooms,
          hellmonk_ecumenical_altar_blasted
D:2:      layout_basic
D:3:      layout_basic, kennysheep_boxes
D:4:      layout_rooms, serial_shops, shop, hellmonk_ghost_happy_afterlife
D:5:      layout_basic, minmay_temple_entry_large_hall,
          minmay_misc_feat_more_columns, uniq_eustachio
D:6:      layout_gridville, nicolae_ossuary_entry_false_entrances
Temple:   regret_index_temple_chain_breaker

Skill      XL: |  1  2  3  4  5  6  7 |
---------------+----------------------+-----
Earth Magic    | 4 5 6 7 |  7.6
Spellcasting   | 3 4 5 |  5.2
Dodging        | |  1.7
Stealth        | |  2.2
Unarmed Combat | |  0.4
Transmutations | |  0.7

Action                   |  1- 3 |  4- 6 |  7- 9 || total
-------------------------+-------+-------+-------++-------
Melee: Unarmed           |    37 |       |       ||    37
       Mace              |    68 |    50 |       ||   118
       Flail             |       |    28 |    27 ||    55
 Cast: Sandblast         |    31 |    62 |    22 ||   115
  Use: Potion            |       |       |     6 ||     6
       Scroll            |       |       |     4 ||     4
 Stab: Sleeping          |     4 |       |       ||     4
Armor: Robe              |    39 |    63 |    53 ||   155
Dodge: Dodged            |    75 |    93 |    88 ||   256

Table legend: (Time is in decaauts)
 A = Elapsed time spent in this place.
 B = Non-inter-level travel time spent in this place.
 C = Inter-level travel time spent in this place.
 D = Time resting spent in this place.
 E = Time spent auto-exploring this place.
 F = Levels seen in this place.
 G = Mean time per level.
                   A        B        C        D        E       F      G
               +--------+--------+--------+--------+--------+-----+--------+
         Total |   6236 |   6152 |     84 |     43 |   4980 |   7 |  890.9 |
       Dungeon |   6001 |   5917 |     84 |     43 |   4807 |   6 | 1000.2 |
        Temple |    234 |    234 |      0 |      0 |    173 |   1 |  234.0 |
               +--------+--------+--------+--------+--------+-----+--------+

Top non-repeatable levels by time:
     D:3: 1278 daAuts
     D:5: 1211 daAuts
     D:2: 1138 daAuts
     D:1: 1076 daAuts
     D:4: 1010 daAuts
     D:6: 286 daAuts
  Temple: 234 daAuts
